 Dungeon Crawl Stone Soup version 0.28-a0-241-gfbb0926a3a (webtiles) character file.

Game seed: 1107217623261521470

141164 Gunterle the Severer (level 17, -7/135 HPs)
             Began as a Hill Orc Monk on Aug 22, 2021.
             Was the Champion of Hepliaklqana.
             Mangled by a six-headed hydra (13 damage)
             ... on level 3 of the Swamp on Aug 24, 2021.
             The game lasted 02:47:08 (42006 turns).

Gunterle the Severer (Hill Orc Monk)               Turns: 42006, Time: 02:47:10

Health: -7/135     AC:  5    Str: 26    XL:     17   Next: 32%
Magic:  27/27      EV: 16    Int: 23    God:    Hepliaklqana [******]
Gold:   1298       SH:  5    Dex:  8    Spells: 14/26 levels left

rFire   . . .      SeeInvis .   o - +1 battleaxe (vamp)
rCold   . . .      Faith    .   (shield currently unavailable)
rNeg    + + .      Spirit   .   K - +1 scale mail {rPois}
rPois   +          Reflect  +   k - +0 helmet
rElec   .          Harm     .   B - +0 cloak
rCorr   .          Rampage  .   q - +0 pair of gloves
Will    +....                   M - +1 pair of boots of the Lair of Beasts {rN++ Str+4 Int+4 Dex-5}
Stlth   ..........              W - amulet "Ownourch" {Reflect Int+4 SH+5}
HPRegen 0.32/turn               Z - +6 ring of strength
MPRegen 0.20/turn               Q - +4 ring of evasion

@: corroded, studying Invocations
A: reduced essence
a: Renounce Religion, Recall Ancestor, Ancestor Identity, Transference, Idealise


You were on level 3 of the Swamp.
You worshipped Hepliaklqana.
Hepliaklqana was exalted by your worship.
You visited 5 branches of the dungeon, and saw 27 of its levels.
You also visited: Bailey.

You collected 2835 gold pieces.
You spent 1537 gold pieces at shops.

Inventory:

Hand Weapons
 a - the +8 demon trident "Rift" {distort, reach+}
   (You found it on level 5 of the Dungeon)

   It warps and distorts space around it, and may blink, banish, or inflict
   extra damage upon those it strikes.
   Unwielding it can cause banishment or high damage.
   It can reach especially far, and its reaching attacks ignore other creatures
   in the way.
 o - a +1 vampiric battleaxe (weapon)
 t - a +2 broad axe of electrocution
 J - a +0 glaive of flaming
Missiles
 c - 13 javelins
 h - 492 stones
 L - 2 throwing nets
 N - 13 curare-tipped darts (quivered)
Armour
 k - a +0 helmet (worn)
 m - a +1 plate armour of cold resistance
 p - the +0 scale mail "Foimm" {Harm Str+4 Int-4 Dex+5}
   (You found it on level 1 of the Lair of Beasts)

   Str:       It affects your strength (+4).
   Int:       It affects your intelligence (-4).
   Dex:       It affects your dexterity (+5).
   Harm:      It increases damage dealt and taken.
 q - a +0 pair of gloves (worn)
 u - a +1 robe of fire resistance
 B - a +0 cloak (worn)
 K - a +1 scale mail of poison resistance (worn)
 M - the +1 pair of boots of the Lair of Beasts (worn) {rN++ Str+4 Int+4 Dex-5}
   (You found it on level 10 of the Dungeon)

   Str:       It affects your strength (+4).
   Int:       It affects your intelligence (+4).
   Dex:       It affects your dexterity (-5).
   rN:        It greatly protects you from negative energy.
Jewellery
 e - a ring of protection from fire
 y - a ring of magical power
 Q - a +4 ring of evasion (right hand)
 W - the amulet "Ownourch" (around neck) {Reflect Int+4 SH+5}
   (You acquired it on level 11 of the Dungeon)

   [amulet of reflection]

   It reflects blocked missile attacks.
   Int:       It affects your intelligence (+4).
   SH:        It affects your SH (+5).
 Y - a +4 ring of protection
 Z - a +6 ring of strength (left hand)
Wands
 l - a wand of mindburst (21)
 r - a wand of iceblast (11)
 s - a wand of polymorph (10)
 z - a wand of charming (16)
 F - a wand of digging (25)
 R - a wand of paralysis (26)
 X - a wand of flame (42)
Scrolls
 d - a scroll of silence
 w - a scroll of amnesia {unknown}
 C - a scroll of enchant armour
 D - 4 scrolls of magic mapping
 G - a scroll of vulnerability
 H - 2 scrolls of summoning
 P - a scroll of fear {unknown}
 T - 7 scrolls of teleportation
 U - 4 scrolls of fog
Potions
 f - 4 potions of flight
 g - 5 potions of curing
 i - 2 potions of cancellation
 j - 7 potions of magic
 n - a potion of heal wounds
 v - 2 potions of brilliance
 A - a potion of haste
 E - a potion of invisibility
 I - 2 potions of mutation
 O - 2 potions of resistance
 V - 2 potions of ambrosia
Miscellaneous
 b - a condenser vane
 x - a phantom mirror
 S - a piece from Xom's chessboard (15/15)


   Skills:
 + Level 13.9 Fighting
 + Level 18.7 Axes
 + Level 12.6 Armour
 + Level 8.6 Dodging
 - Level 1.5 Stealth
 - Level 9.3 Shields
 + Level 5.0 Spellcasting
 - Level 1.6 Hexes
 * Level 2.7 Summonings
 - Level 3.7 Transmutations
 + Level 6.6 Earth Magic
 + Level 13.9 Invocations
 + Level 10.7 Evocations


You had 14 spell levels left.
You knew the following spells:

 Your Spells              Type           Power      Damage    Failure   Level
a - Sandblast             Erth           72%        2d16      1%          1
b - Passwall              Tmut/Erth      24%        N/A       3%          2
c - Summon Mana Viper     Hex/Summ       15%        N/A       89%         5
d - Animate Armour        Summ/Erth      54%        N/A       26%         4

Your spell library contained the following spells:

 Spells                   Type           Power      Damage    Failure   Level
 Foxfire                  Conj/Fire      20%        2x1d5     17%         1
 Lee's Rapid Deconstruct  Erth           18%        3d12*     32%         5
 Dazzling Flash           Conj/Hex       18%        N/A       36%         3
 Inner Flame              Hex/Fire       9%         N/A       36%         3
 Conjure Flame            Conj/Fire      5%         6-21      45%         3
 Summon Ice Beast         Ice/Summ       12%        N/A       69%         4
 Blade Hands              Tmut           11%        N/A       71%         5
 Borgnjor's Vile Clutch   Necr/Erth      10%        N/A       77%         5
 Iskenderun's Mystic Bla  Conj/Tloc      5%         2d3       86%         4
 Alistair's Intoxication  Tmut/Pois      9%         N/A       92%         5
 Freezing Cloud           Conj/Ice/Air   2%         6-21      99%         5
 Eringya's Noxious Bog    Tmut/Pois      7%         N/A       100%        6
 Iron Shot                Conj/Erth      10%        9d3       100%        6
 Simulacrum               Ice/Necr       2%         N/A       100%        6
 Starburst                Conj/Fire      2%         6d3       100%        6
 Monstrous Menagerie      Summ           9%         N/A       100%        7
 Borgnjor's Revivificati  Necr           2%         N/A       100%        8
 Necromutation            Tmut/Necr      7%         N/A       100%        8
 Death's Door             Necr           2%         N/A       100%        9
 Polar Vortex             Ice            2%         N/A       100%        9


Dungeon Overview and Level Annotations

Branches:
Dungeon (15/15)            Temple (1/1) D:5            Lair (6/6) D:9
  Swamp (3/4) Lair:3        Snake (0/4) Lair:4        Slime (0/5) Lair:6
    Orc (2/2) D:9             Elf (0/3) Orc:2        Vaults (0/5) D:14
 Depths (0/5) D:15         Bailey (visited)

Altars:
Ashenzari
Cheibriados
Dithmenos
Elyvilon
Fedhas
Gozag
Hepliaklqana
Kikubaaqudgha
Makhleb
Nemelex Xobeh
Okawaru
Qazlal
Ru
Sif Muna
Trog
Uskayaw
Vehumet
Wu Jian
Xom
Yredelemnul
Zin
The Shining One
Jiyva
Lugonu

Shops:
D:1 !   D:3 !   D:9 *   Orc:2 (*::

Portals:
Abyss: Lair:6

Annotations:
D:3 3 runed translucent doors, Nattfarinn's ghost, amateur DjVM
Lair:1 2 transporters, Colgate's ghost, journeyman FoFi
Lair:6 exclusion: 4 oklob plants


Message History

* * * LOW HITPOINT WARNING * * *
The six-headed hydra bites you. The six-headed hydra barely misses you.
The six-headed hydra bites you!
* * * LOW HITPOINT WARNING * * *
The six-headed hydra bites you but does no damage.
You turn to flesh and can move again.
Unknown command.
Okay, then.
The goliath frog hits you from afar!!
* * * LOW HITPOINT WARNING * * *
The acid corrodes you!
You are splashed with acid!
* * * LOW HITPOINT WARNING * * *
The swamp worm bites Æðelind!
The goliath frog misses you.
There is a stone staircase leading up, spattered with blood here.
Unknown command.
Okay, then.
You feel much better.
The swamp worm bites Æðelind! Æðelind hits the swamp worm with a +0 dagger of draining! Æðelind drains the swamp worm.
The goliath frog barely misses you.
A bunyip comes into view.
The six-headed hydra misses you. The six-headed hydra bites you.
* * * LOW HITPOINT WARNING * * *
The six-headed hydra bites you.
* * * LOW HITPOINT WARNING * * *
The six-headed hydra closely misses you.
The six-headed hydra misses you.
You block the six-headed hydra's attack.
The swamp worm fires a harpoon shot at you.
The harpoon shot hits Æðelind. Æðelind hits the swamp worm with a +0 dagger of draining.
The bunyip howls a warning cry!
The goliath frog misses you.
The six-headed hydra completely misses you.
The six-headed hydra closely misses you.
The six-headed hydra bites you!
* * * LOW HITPOINT WARNING * * *
The six-headed hydra barely misses you. The six-headed hydra bites you!
* * * LOW HITPOINT WARNING * * *
The six-headed hydra bites you!
You die...

.♣ . .♣♣
♣≈♣♣♣♣♣
♣≈≈≈♣.♣♣
♣♣≈x.≈≈.♣ ♣
♣≈@D.≈♣.≈≈≈
♣)♣R≈≈≈≈≈x≈
♣≈§≈Fw≈≈≈♣♣.
♣.≈≈♣...≈♣
♣≈... ≈♣..♣
♣.≈♣. ≈≈.♣♣
♣.≈≈≈. .≈.♣
♣.≈≈≈. $≈(
♣$≈≈≈. ≈§.♣


You could see the friendly Æðelind the hexer, 2 bunyips, a six-headed hydra, a
goliath frog (drained) and a swamp worm (drained, ally target).

Vanquished Creatures
  Gastronok (D:8)
  Louise (D:14)
  A ghoul (Swamp:1)
  Josephine (Orc:2)
  2 boulder beetles
  2 vault guards (D:14)
  7 hydras
  A centaur warrior (D:14)
  3 alligators
  A death yak (Lair:1)
  2 two-headed ogres
  5 death knights
  Nergalle (Lair:2)
  2 thrashing horrors (Lair:6)
  3 orc high priests
  Sonja (D:10)
  Urug (Lair:2)
  10 skeletal warriors
  4 goliath frogs
  2 bunyip zombies (Swamp:1)
  A flayed ghost (D:15)
  A spriggan druid (Swamp:2)
  2 storm dragon skeletons (D:15)
  2 phantasmal warriors
  3 lindwurms
  10 bog bodies
  A wizard (D:14)
  5 necromancers
  A sphinx zombie (D:15)
  A wolf spider zombie (D:15)
  7 orc knights
  A deep elf pyromancer (D:14)
  2 orc sorcerers (Orc:2)
  A will-o-the-wisp (Swamp:2)
  16 ugly things
  A salamander (shapeshifter) (Lair:6)
  4 manticores
  6 cyclopes
  2 large abominations (Lair:6)
  A spriggan zombie (D:15)
  10 elephants
  4 black mambas
  Maurice (D:9)
  Joseph (D:9)
  4 gargoyles
  A smoke demon (Lair:6)
  10 cane toads
  2 rime drakes
  4 kobold demonologists (D:10)
  A tengu conjurer (D:13)
  2 efreet
  2 ancient zymes (Lair:6)
  A bunyip simulacrum (Swamp:1)
  2 freezing wraiths
  10 komodo dragons
  2 hydra zombies (Swamp:1)
  A queen bee (shapeshifter) (Lair:6)
  4 trolls
  3 polar bears
  Grinder (D:3)
  2 alligator zombies (Swamp:1)
  30 blink frogs
  A harpy skeleton (D:15)
  27 slime creatures
  4 tyrant leeches
  8 dream sheep
  A shadow (D:11)
  4 redbacks (D:12)
  A spriggan (Lair:6)
  8 wraiths
  A tarantella (D:12)
  A spriggan (shapeshifter) (D:14)
  6 wyverns
  35 yaks
  9 basilisks
  A steam dragon (D:7)
  16 humans (D:14)
  2 hogs (D:12)
  5 vampire mosquitoes (D:12)
  Grum (D:8)
  A ynoxinul (Lair:6)
  3 chaos spawn (Lair:6)
  2 wargs
  6 swamp worms
  4 nagas (Lair:4)
  An acid dragon (D:11)
  10 water moccasins
  14 orc warriors
  An ice beast (D:7)
  5 swamp drakes
  7 necrophages
  10 small abominations (Lair:6)
  A hornet zombie (D:15)
  3 ogres
  A swamp dragon zombie (Swamp:1)
  5 boggarts
  4 wolves
  9 centaurs
  A phantom (D:6)
  6 kobold brigands
  13 bullfrogs
  A gnoll sergeant (Orc:2)
  3 scorpions
  A wyvern skeleton (D:6)
  6 killer bees
  3 wights (D:7)
  3 howler monkeys (D:9)
  An electric eel (Lair:6)
  2 centaur zombies
  2 bullfrog zombies
  2 hounds
  A human zombie (D:7)
  A jelly (D:7)
  A bullfrog skeleton (D:7)
  16 orc priests
  A gnoll shaman (D:10)
  2 iguanas
  Jessica (D:3)
  16 orc wizards
  A killer bee zombie (D:7)
  3 mummies (D:7)
  2 howler monkey zombies
  20 gnolls
  5 adders
  A shadow imp (D:8)
  A white imp (D:5)
  An ufetubus (D:5)
  2 dart slugs
  43 orcs
  6 ball pythons
  10 endoplasms
  2 giant cockroaches
  14 goblins
  16 hobgoblins
  13 jackals
  36 kobolds
  4 quokkas
  8 bats
  2 frilled lizards
  4 rats
712 creatures vanquished.

Vanquished Creatures (collateral kills)
  Jorgrun (Swamp:3)
  Kirke (D:12)
  A bunyip (Swamp:1)
  An eleionoma (Swamp:1)
  A centaur warrior (D:14)
  A two-headed ogre (D:11)
  2 alligators
  A spriggan (Swamp:2)
  A golden dragon zombie (D:15)
  2 goliath frogs (Swamp:1)
  A wizard (D:14)
  2 bog bodies (Swamp:2)
  A necromancer (Swamp:1)
  2 orc sorcerers (Orc:2)
  A will-o-the-wisp (Swamp:1)
  A large abomination (Lair:6)
  A cyclops (D:11)
  2 elephants (Lair:6)
  A cane toad (Lair:6)
  An unseen horror (D:8)
  3 komodo dragons
  A troll (D:12)
  A polar bear (Lair:4)
  A hydra zombie (Swamp:1)
  A hornet (Swamp:2)
  An ancient zyme (Lair:6)
  7 blink frogs
  4 slime creatures
  A small abomination (Lair:6)
  A spriggan skeleton (D:15)
  A redback (D:12)
  4 basilisks
  2 wraiths
  2 humans (D:14)
  6 yaks
  A vampire mosquito (D:12)
  A warg (Orc:1)
  2 swamp worms
  A hornet zombie (D:7)
  3 water moccasins
  9 orc warriors
  A black bear (Lair:1)
  3 necrophages
  4 bullfrogs
  An electric eel (Lair:3)
  A centaur zombie (D:7)
  A bullfrog zombie (D:7)
  4 orc priests
  2 orc wizards
  A howler monkey zombie (D:7)
  2 gnolls (Bailey)
  6 orcs
  A goblin (D:11)
  A hobgoblin (Bailey)
  A kobold (Bailey)
  A bush (D:7)
108 creatures vanquished.

Vanquished Creatures (others)
  25 hexers
  10 foxfires
  47 fungi
  64 plants
  5 withered plants (D:15)
151 creatures vanquished.

Grand Total: 971 creatures vanquished

Notes
Turn   | Place    | Note
-------+----------+-------------------------------------------
     0 | D:1      | Gunterle the Hill Orc Monk began the quest for the Orb.
     0 | D:1      | Reached XP level 1. HP: 19/19 MP: 1/1
   259 | D:1      | Reached XP level 2. HP: 27/27 MP: 2/2
   281 | D:1      | Found Nuthelyg's Distillery.
   595 | D:1      | Reached skill level 1 in Armour
   794 | D:1      | Reached XP level 3. HP: 33/33 MP: 3/3
  1196 | D:1      | Bought a potion of curing for 30 gold pieces
  1251 | D:2      | Reached skill level 5 in Axes
  1621 | D:2      | Reached XP level 4. HP: 25/40 MP: 4/4
  1874 | D:2      | Found an iron altar of Okawaru.
  2606 | D:2      | You fall into a shaft and drop 1 floor!
  2977 | D:1      | Bought a potion of flight for 30 gold pieces
  3029 | D:3      | Noticed Jessica
  3029 | D:3      | Found Baustuicob's Distillery.
  3129 | D:3      | Killed Jessica
  3130 | D:3      | Reached skill level 6 in Axes
  3130 | D:3      | Reached XP level 5. HP: 41/47 MP: 5/5
  3435 | D:3      | Found a faded altar of an unknown god.
  3458 | D:3      | Noticed Grinder
  3518 | D:3      | Bought a potion of lignification for 36 gold pieces
  3518 | D:3      | Bought a potion of heal wounds for 60 gold pieces
  3797 | D:4      | Found a glowing golden altar of the Shining One.
  3797 | D:4      | Found a sacrificial altar of Ru.
  3798 | D:4      | Found a burning altar of Makhleb.
  3845 | D:4      | Found an iron altar of Okawaru.
  4749 | D:5      | Entered Level 5 of the Dungeon
  4760 | D:5      | Noticed an ice beast
  4967 | D:5      | Found a stormy altar of Qazlal.
  4991 | D:5      | Noticed a water moccasin
  4994 | D:5      | Killed a water moccasin
  4995 | D:5      | Reached skill level 5 in Fighting
  4995 | D:5      | Reached skill level 7 in Axes
  4995 | D:5      | Reached XP level 6. HP: 56/56 MP: 6/6
  5071 | D:5      | Found a bloodstained altar of Trog.
  5506 | D:5      | Found the +8 demon trident "Rift" {distort, reach+}
  5620 | D:5      | Found a staircase to the Ecumenical Temple.
  5629 | Temple   | Entered the Ecumenical Temple
  6167 | D:3      | Killed Grinder
  6168 | D:3      | Reached skill level 8 in Axes
  6168 | D:3      | Reached XP level 7. HP: 62/62 MP: 7/7
  6173 | D:3      | Bought a potion of invisibility for 96 gold pieces
  6251 | D:3      | Found a runed translucent gate.
  6251 | D:3      | Found a runed translucent gate.
  6251 | D:3      | Found a runed translucent gate.
  6252 | D:3      | Noticed Nattfarinn's ghost (amateur DjVM)
  7000 | D:6      | Reached skill level 9 in Axes
  7000 | D:6      | Reached XP level 8. HP: 51/70 MP: 8/8
  7138 | D:6      | Found a white marble altar of Elyvilon.
  7617 | D:6      | Reached skill level 5 in Armour
  8208 | D:1      | Bought a potion of mutation for 80 gold pieces
  8208 | D:1      | Bought a potion of brilliance for 40 gold pieces
  8439 | D:7      | Noticed a troll
  8850 | D:7      | Reached skill level 10 in Axes
  9199 | D:7      | Reached skill level 1 in Evocations
  9339 | D:7      | Reached XP level 9. HP: 70/79 MP: 9/9
  9461 | D:7      | Found a basalt altar of Yredelemnul.
  9480 | D:7      | Reached skill level 11 in Axes
  9934 | D:8      | Noticed Gastronok
  9963 | D:8      | Killed Gastronok
  9964 | D:8      | Reached skill level 12 in Axes
  9964 | D:8      | Reached XP level 10. HP: 90/90 MP: 10/10
 10480 | D:8      | Found a shimmering altar of Xom.
 10482 | D:8      | Noticed Grum
 10503 | D:7      | Reached skill level 13 in Axes
 10705 | D:8      | Killed Grum
 11276 | D:9      | Found a staircase to the Orcish Mines.
 11610 | D:9      | Found a broken altar of Ashenzari.
 11737 | D:9      | Noticed a cyclops
 11762 | D:9      | Killed a cyclops
 11763 | D:9      | Reached skill level 5 in Evocations
 12313 | D:9      | Found Kysih's Island Escapes.
 12421 | D:9      | Bought a scroll of blinking for 75 gold pieces
 12421 | D:9      | Bought a scroll of teleportation for 30 gold pieces
 12421 | D:9      | Bought a scroll of fog for 20 gold pieces
 12498 | D:9      | Found a staircase to the Lair.
 12565 | D:9      | Noticed a two-headed ogre
 12584 | D:9      | Noticed Joseph
 12588 | D:9      | Killed a two-headed ogre
 12589 | D:9      | Reached XP level 11. HP: 62/99 MP: 11/11
 12883 | D:9      | Killed Joseph
 12884 | D:9      | Reached skill level 14 in Axes
 12916 | D:9      | Noticed Maurice
 12927 | D:9      | Killed Maurice
 12928 | D:9      | Reached skill level 10 in Fighting
 13718 | D:10     | Entered Level 10 of the Dungeon
 13757 | D:10     | Noticed a two-headed ogre
 14114 | D:10     | Identified the +1 pair of boots of the Lair of Beasts {rN++
                  | Str+4 Int+4 Dex-5}
 14231 | D:10     | Noticed Sonja
 14239 | D:10     | Killed Sonja
 14452 | D:10     | Killed a two-headed ogre
 14808 | D:10     | Found a hazy altar of Hepliaklqana.
 14813 | D:10     | Became a worshipper of Hepliaklqana the Forgotten
 14813 | D:10     | Reached * piety under Hepliaklqana
 14813 | D:10     | Reached ** piety under Hepliaklqana
 14814 | D:10     | Remembered your ancestor Æðelind as a hexer
 15037 | D:8      | Found a shadowy altar of Dithmenos.
 15214 | D:7      | Reached skill level 15 in Axes
 15229 | D:7      | Found a blossoming altar of Fedhas.
 15382 | D:7      | Upgraded the game from 0.28-a0-230-g086cc6695f to
                  | 0.28-a0-239-g68911e0c57
 15465 | D:11     | Identified a scroll of acquirement
 15465 | D:11     | Acquired a +2 kite shield of poison resistance
 15498 | D:11     | Found a flagged portal.
 15551 | Bailey   | Entered a bailey
 15605 | Bailey   | Upgraded the game from 0.28-a0-239-g68911e0c57 to
                  | 0.28-a0-241-gfbb0926a3a
 15672 | Bailey   | Noticed an orc knight
 15878 | Bailey   | Killed an orc knight
 15959 | D:11     | Acquired the amulet "Ownourch" {Reflect Int+4 SH+5}
 15968 | D:11     | Noticed a cyclops
 15995 | D:11     | Killed a cyclops
 15996 | D:11     | Reached XP level 12. HP: 77/97 MP: 12/12
 16065 | D:11     | Noticed a death knight
 16113 | D:11     | HP: 1/97 [skeletal warrior[a death knight] (16)]
 16193 | D:11     | Noticed a two-headed ogre
 16205 | D:11     | Killed a two-headed ogre
 16326 | D:11     | Reached skill level 5 in Dodging
 16484 | D:11     | Reached skill level 1 in Invocations
 16902 | D:11     | Noticed a five-headed hydra
 16986 | Orc:1    | Entered Level 1 of the Orcish Mines
 17416 | Orc:1    | Reached skill level 16 in Axes
 17702 | Orc:2    | Entered Level 2 of the Orcish Mines
 17725 | Orc:1    | Noticed Josephine
 17736 | Orc:2    | Killed Josephine
 17746 | Orc:2    | Reached skill level 1 in Shields
 18150 | Orc:2    | Noticed an orc high priest
 18152 | Orc:2    | Noticed a sun demon
 18158 | Orc:1    | Reached skill level 10 in Armour
 18206 | Orc:2    | Noticed an orc high priest
 18218 | Orc:2    | Noticed an orc high priest
 18248 | Orc:2    | HP: 1/99 [gnoll (4)]
 18254 | Orc:1    | Killed an orc high priest
 18413 | Orc:2    | Killed an orc high priest
 18414 | Orc:2    | Reached XP level 13. HP: 74/104 MP: 14/16
 18471 | Orc:2    | Paralysed by an orc sorcerer for 6 turns
 18900 | Orc:2    | Found a staircase to the Elven Halls.
 19210 | Orc:2    | Reached skill level 5 in Invocations
 19312 | Orc:2    | Found Aroluhac's Book Emporium.
 19333 | Orc:2    | Found Uqicryma's Assorted Antiques.
 19338 | Orc:2    | Found Heixtova's Weapon Shop.
 19340 | Orc:2    | Found Oxzyni's Book Emporium.
 19366 | Orc:2    | Bought a manual of Invocations for 1040 gold pieces
 19692 | Lair:1   | Entered Level 1 of the Lair of Beasts
 19814 | Lair:1   | Found a transporter.
 19821 | Lair:1   | Found a bloodstained altar of Trog.
 19822 | Lair:1   | Noticed Colgate's ghost (journeyman FoFi)
 19852 | Lair:1   | Found a transporter.
 19964 | Lair:1   | Identified the +0 scale mail "Foimm" {Harm Str+4 Int-4
                  | Dex+5}
 20354 | Lair:2   | Noticed Nergalle
 20491 | Lair:1   | Reached skill level 17 in Axes
 20696 | Lair:2   | Killed Nergalle
 20754 | Lair:2   | Noticed Urug
 20767 | Lair:2   | Killed Urug
 21179 | Lair:2   | Reached *** piety under Hepliaklqana
 21370 | Lair:2   | Learned a level 1 spell: Sandblast
 21373 | Lair:2   | Learned a level 2 spell: Passwall
 21524 | Lair:2   | Reached skill level 5 in Shields
 22145 | Lair:2   | Reached skill level 1 in Earth Magic
 22321 | Lair:3   | Reached XP level 14. HP: 113/113 MP: 19/19
 22364 | Lair:3   | Reached skill level 1 in Spellcasting
 22900 | Lair:3   | Reached **** piety under Hepliaklqana
 23850 | Lair:3   | Found a staircase to the Swamp.
 25035 | Lair:4   | Found a staircase to the Snake Pit.
 25748 | Lair:5   | Reached ***** piety under Hepliaklqana
 26495 | Lair:6   | Entered Level 6 of the Lair of Beasts
 27876 | Lair:6   | Reached skill level 10 in Invocations
 28258 | Lair:6   | Reached XP level 15. HP: 113/120 MP: 22/22
 28293 | Lair:6   | Found a viscous altar of Jiyva.
 28293 | Lair:6   | Found a staircase to the Slime Pits.
 28355 | Lair:6   | Reached skill level 1 in Transmutations
 29029 | Lair:6   | Found a corrupted altar of Lugonu.
 29029 | Lair:6   | Found a one-way gate to the infinite horrors of the Abyss.
 29035 | Lair:6   | Reached skill level 18 in Axes
 30542 | D:12     | Noticed Kirke
 30558 | D:12     | Killed Kirke
 32271 | D:14     | HP: 5/122 [barbs]
 33442 | D:14     | Identified the +2 leather armour "Xeim" {Harm Drain rPois
                  | Dex-2}
 33742 | D:14     | Reached XP level 16. HP: 119/129 MP: 25/25
 33782 | D:14     | Reached skill level 5 in Earth Magic
 33791 | D:14     | Reached skill level 10 in Evocations
 34347 | D:14     | Found a gate to the Vaults.
 34732 | D:14     | Found a shadowy altar of Dithmenos.
 34990 | D:15     | Entered Level 15 of the Dungeon
 35373 | D:15     | Noticed Louise
 35701 | D:14     | Killed Louise
 36974 | D:15     | Found a staircase to the Depths.
 37831 | Swamp:1  | Entered Level 1 of the Swamp
 38274 | Swamp:1  | Identified the +1 leather armour of Gozag's Grace {Int+4}
 38344 | Swamp:1  | Learned a level 5 spell: Summon Mana Viper
 39368 | Swamp:1  | Reached skill level 1 in Hexes
 39458 | Swamp:1  | Reached skill level 1 in Summonings
 39486 | Swamp:1  | Reached XP level 17. HP: 79/135 MP: 27/27
 40288 | Swamp:2  | Learned a level 4 spell: Animate Armour
 40293 | Swamp:2  | Reached ****** piety under Hepliaklqana
 41776 | Swamp:2  | Reached skill level 5 in Spellcasting
 41925 | Swamp:3  | Noticed Jorgrun
 41995 | Swamp:3  | Killed Jorgrun
 42006 | Swamp:3  | HP: 6/135 [six-headed hydra (9)]
 42006 | Swamp:3  | Mangled by a six-headed hydra

Illustrated notes

Levels and vault maps discovered:
D:1:      saegor_arrival_simple_a, layout_basic, serial_shops,
          nicolae_square_shop, chequers_serial_rivers_room_b
D:2:      layout_loops_cross, grunt_ministairs_9, st_stairs_14,
          minmay_fountain_box, minmay_hexomino_r4
D:3:      layout_basic, serial_shops, shop,
          shapermc_ecumenical_altar_mp_urbaneastern, gammafunk_ghost_necromancy,
          minmay_circle_x, uniq_jessica, uniq_grinder
D:4:      layout_basic, nicolae_overflow_quartered_altars
D:5:      layout_basic, nicolae_qazlal_general_emergency,
          general_overflow_altar, minmay_temple_entry_trees
D:6:      layout_basic, nicolae_overflow_crystal_walls
D:7:      layout_rooms, lemuel_mausoleum_altar_yredelemnul,
          fedhas_altar_decomposition
D:8:      layout_cave_pools, xom_butterflies, nicolae_dithmenos_the_darkroom,
          uniq_gastronok, uniq_grum
D:9:      layout_long_grid, mainiacjoe_overflow_paths, lair_entry_dummy,
          erik_orc_3, small_chamber_with_monster, nicolae_island_escapes,
          uniq_joseph, uniq_maurice
D:10:     layout_long_grid, worldfamousw_hep_ancestral_shrine,
          serial_park_tiny_pond, kennysheep_cluttered_room, uniq_sonja
D:11:     layout_loops_cross, enter_bailey_5
D:12:     layout_basic, uniq_kirke
D:13:     layout_small_grid
D:14:     wander_river, layout_rooms, grunt_vaults_entry_tiered,
          lemuel_coloured_pillars_altar
D:15:     gammafunk_depths_entry_grave, layout_cave_pools, dk_noncrumbling_4,
          uniq_louise
Temple:   jpeg_temple_island
Lair:1:   layout_roguey, gammafunk_ghost_wrathful_warriors
Lair:2:   nzn_winding_woodlands_small [nzn_winding_woodlands_5x15_lazy_stream,
          nzn_winding_woodlands_center_pierced_h,
          nzn_winding_woodlands_5x15_sidewinder], layout_long_grid,
          serial_bayou_pond_d, uniq_urug, uniq_nergalle
Lair:3:   layout_concentric_octagons, nicolae_swamp_entry_splash_gauntlet,
          lemuel_fruit_fields
Lair:4:   layout_gridlike, minmay_snake_entry_guardpost_small,
          kennysheep_basilisk_garden, infiniplex_staircase_pool_2,
          grunt_megastairs_2
Lair:5:   layout_gridlike
Lair:6:   hellmonk_lair_end_abyssal_woods, layout_cave_pods, slime_altar_1,
          infiniplex_staircase_pool, minmay_lair_oklob_chamber,
          lemuel_fruit_tree
Swamp:1:  nicolae_swamp_decorative_isthmus, layout_basic_swamp,
          evilmike_swamp_ruin_house_2, swamp_pool5,
          nicolae_swamp_necromancer_hut
Swamp:2:  layout_basic_swamp, evilmike_swamp_ruin_house_1, swamp_pool2,
          nicolae_swamp_round_clearing, nicolae_swamp_fairy_circle,
          hangedman_swamp_ravenous
Swamp:3:  layout_falls_marsh, hangedman_swamp_ruin_wall, uniq_jorgrun
Orc:1:    layout_caves, uniq_josephine
Orc:2:    st_orc_elflike, layout_diamond_mine

Skill      XL: |  1  2  3  4  5  6  7  8  9 10 11 12 13 14 15 16 17 |
---------------+----------------------------------------------------+-----
Armour         | 1 2 3 4 5 7 8 9 10 11 12 | 12.6
Fighting       | 4 5 6 7 8 9 10 11 12 13 | 13.9
Axes           | 5 6 7 8 9 10 12 13 15 16 17 18 | 18.7
Evocations     | 1 4 5 6 7 8 9 10 | 10.7
Dodging        | 3 4 5 6 7 8 |  8.6
Invocations    | 4 7 10 12 13 | 13.9
Shields        | 2 5 7 8 9 |  9.3
Earth Magic    | 1 3 4 6 |  6.6
Spellcasting   | 2 3 4 5 |  5.0
Transmutations | 2 3 |  3.7
Hexes          | 1 |  1.6
Summonings     | 1 2 |  2.7
Stealth        | |  1.5

Action                   |  1- 3 |  4- 6 |  7- 9 | 10-12 | 13-15 | 16-18 || total
-------------------------+-------+-------+-------+-------+-------+-------++-------
Melee: Hand axe          |    90 |   156 |       |   804 |       |       ||  1050
       War axe           |       |     6 |   254 |   185 |       |       ||   445
       Halberd           |       |       |       |     6 |     4 |       ||    10
       Battleaxe         |       |       |       |    36 |   824 |   237 ||  1097
       Flail             |       |       |       |       |    11 |       ||    11
       Broad axe         |       |       |       |       |    45 |   227 ||   272
       Unarmed           |       |       |       |       |     4 |       ||     4
       Glaive            |       |       |       |       |       |    26 ||    26
Throw: Dart              |     9 |    43 |    61 |    55 |       |     1 ||   169
       Javelin           |       |     2 |     6 |     2 |       |       ||    10
       Stone             |       |       |     1 |       |       |       ||     1
 Cast: Passwall          |       |       |       |       |     1 |       ||     1
Invok: Recall Ancestor   |       |       |       |     8 |    11 |    14 ||    33
       Ancestor Life: He |       |       |       |     1 |       |       ||     1
Evoke: Wand              |       |     8 |     1 |    20 |    26 |    12 ||    67
       Condenser vane    |       |       |       |     1 |       |       ||     1
  Use: Scroll            |       |     3 |     1 |     9 |     7 |     6 ||    26
       Potion            |       |       |     3 |    12 |     3 |     1 ||    19
 Stab: Sleeping          |     7 |     4 |     3 |     3 |       |       ||    17
       Distracted        |       |       |       |     9 |    13 |     9 ||    31
       Confused          |       |       |       |     7 |    10 |     2 ||    19
       Paralysed         |       |       |       |       |    15 |    26 ||    41
Armor: Robe              |    20 |    27 |       |       |       |       ||    47
       Leather armour    |       |     9 |    36 |       |       |       ||    45
       Steam dragon scal |       |       |    49 |   102 |       |       ||   151
       Skin              |       |       |     3 |       |       |       ||     3
       Troll leather arm |       |       |       |   139 |    17 |       ||   156
       Scale mail        |       |       |       |       |   207 |   165 ||   372
Dodge: Dodged            |    63 |    86 |   116 |   425 |   471 |   265 ||  1426
Block: Other             |       |       |       |    54 |   148 |    64 ||   266
       Reflection        |       |       |       |       |     5 |       ||     5

Table legend: (Time is in decaauts)
 A = Elapsed time spent in this place.
 B = Non-inter-level travel time spent in this place.
 C = Inter-level travel time spent in this place.
 D = Time resting spent in this place.
 E = Time spent auto-exploring this place.
 F = Levels seen in this place.
 G = Mean time per level.
                   A        B        C        D        E       F      G
               +--------+--------+--------+--------+--------+-----+--------+
         Total |  41763 |  38629 |   3134 |  13331 |  16768 |  28 | 1491.5 |
       Dungeon |  24836 |  22909 |   1927 |   8095 |   9906 |  15 | 1655.7 |
        Temple |    272 |    248 |     24 |      0 |    230 |   1 |  272.0 |
          Lair |   9593 |   8610 |    983 |   2449 |   4441 |   6 | 1598.8 |
         Swamp |   4324 |   4257 |     67 |   2227 |   1358 |   3 | 1441.3 |
  Orcish Mines |   2354 |   2221 |    133 |    522 |    816 |   2 | 1177.0 |
        Bailey |    383 |    383 |      0 |     37 |     16 |   1 |  383.0 |
               +--------+--------+--------+--------+--------+-----+--------+

Top non-repeatable levels by time:
    D:14: 3419 daAuts
     D:9: 2701 daAuts
 Swamp:1: 2418 daAuts
  Lair:3: 2030 daAuts
     D:7: 2010 daAuts
  Lair:2: 1944 daAuts
  Lair:6: 1887 daAuts
 Swamp:2: 1881 daAuts
    D:11: 1677 daAuts
     D:1: 1668 daAuts
    D:13: 1579 daAuts
     D:8: 1533 daAuts
  Lair:5: 1501 daAuts
    D:10: 1487 daAuts
     D:4: 1472 daAuts
